 Dungeon Crawl Stone Soup version 0.30-b1-5-g8e6c1be481 (webtiles) character file.

Game seed: 8613125797080144759

29066 sizableburger the Covert (level 13, -8/84 HPs)
             Began as a Kobold Enchanter on May 4, 2023.
             Was the Champion of Ru.
             Mangled by a two-headed ogre
             ... wielding a +0 giant spiked club
              (22 damage)
             ... on level 1 of the Elven Halls.
             The game lasted 00:53:05 (17710 turns).

sizableburger the Covert (Kobold Enchanter)        Turns: 17710, Time: 00:53:06

Health: -8/84      AC: 15    Str:  6    XL:     13   Next: 78%
Magic:  0/19       EV: 21    Int: 28    God:    Ru [******]
Gold:   1228       SH:  0    Dex: 17    Spells: 5/20 levels left

rFire   . . .        a - +3 dagger (heavy)
rCold   . . .        (no shield)
rNeg    . . .        A - +3 troll leather armour
rPois   .            n - +0 helmet
rElec   +            i - +1 cloak of Loraadgh {rElec rCorr Int+3}
rCorr   +            (no gloves)
SInv    .            F - +0 pair of boots
Will    .....        K - amulet of the acrobat
Stlth   +++++++      w - +6 ring of intelligence
HPRegen 1.14/turn    J - +4 ring of protection
MPRegen 0.16/turn

%: acrobat
@: exhausted, swift (expiring), unable to read, unable to drink, quick
A: small, no large weapons, nightstalker 3, inability to drink after injury 2,
inability to read after injury 2, hated by all, inability to train armour,
disrupted magic 1
a: Renounce Religion, Draw Out Power, Power Leap, Apocalypse


You were on level 1 of the Elven Halls.
You worshipped Ru.
Ru was exalted by your worship.
You visited 5 branches of the dungeon, and saw 18 of its levels.
You also visited: Bailey.

You collected 1228 gold pieces.

Inventory:

Hand Weapons
 a - a +3 heavy dagger (weapon)
 g - a +0 rapier of flaming
 q - a +0 rapier of venom
Missiles
 o - a curare-tipped dart
 v - 43 poisoned darts (quivered)
 C - a throwing net
Armour
 i - the +1 cloak of Loraadgh (worn) {rElec rCorr Int+3}
   (You found it on level 8 of the Dungeon)

   Int:       It affects your intelligence (+3).
   rElec:     It insulates you from electricity.
   rCorr:     It protects you from acid and corrosion.
 n - a +0 helmet (worn)
 A - a +3 troll leather armour (worn)
 F - a +0 pair of boots (worn)
Jewellery
 f - a ring of fire
 w - a +6 ring of intelligence (left hand)
 x - a +4 ring of protection
 D - a ring of ice
 J - a +4 ring of protection (right hand)
 K - an amulet of the acrobat (around neck)
 L - a +5 ring of evasion
Wands
 B - a wand of charming (5)
 E - a wand of flame (25)
Scrolls
 d - 2 scrolls of fog
 e - 2 scrolls of teleportation
 j - a scroll of poison
 l - a scroll of silence
 u - 4 scrolls of amnesia
 y - a scroll of vulnerability {unknown}
 G - 2 scrolls of fear
 I - 3 scrolls of blinking
Potions
 b - a potion of heal wounds
 c - a potion of invisibility
 h - 6 potions of curing
 k - 2 potions of haste
 m - a potion of might
 p - 2 potions of resistance
 r - a potion of lignification
 s - a potion of ambrosia
 t - a potion of attraction
 z - a potion of mutation
 H - a potion of magic {unknown}


   Skills:
 + Level 11.5 Fighting
 - Level 14.0 Short Blades
 - Level 1.9 Ranged Weapons
 + Level 12.3 Dodging
 + Level 14.9 Stealth
 - Level 4.1 Spellcasting
 + Level 6.6 Hexes
 - Level 3.0 Ice Magic
 - Level 3.8 Air Magic


You had 5 spell levels left.
You knew the following spells:

 Your Spells              Type           Power      Damage    Failure   Level
a - Ensorcelled Hibernat  Hex/Ice        64%        N/A       4%          2
b - Confusing Touch       Hex            42%        N/A       4%          3
c - Tukima's Dance        Hex            42%        N/A       4%          3
d - Cause Fear            Hex            21%        N/A       12%         4
e - Swiftness             Air            27%        N/A       11%         3

Your spell library contained the following spells:

 Spells                   Type           Power      Damage    Failure   Level
 Dazzling Flash           Conj/Hex       48%        N/A       13%         3
 Beastly Appendage        Tmut           10%        N/A       17%         1
 Passwall                 Tmut/Erth      4%         N/A       24%         2
 Wereblood                Tmut           5%         N/A       24%         2
 Spider Form              Tmut/Pois      5%         N/A       43%         3
 Alistair's Intoxication  Tmut/Pois      3%         N/A       98%         5
 Borgnjor's Vile Clutch   Necr/Erth      2%         N/A       98%         5
 Eringya's Noxious Bog    Tmut/Pois      2%         N/A       100%        6
 Dragon Form              Tmut           2%         N/A       100%        7
 Dragon's Call            Summ           Unusable   N/A       N/A         9

Dungeon Overview and Level Annotations

Branches:
Dungeon (11/15)            Temple (1/1) D:7            Lair (3/5) D:9
  Swamp (0/4) Lair:3       Spider (0/4) Lair:2          Orc (2/2) D:10
    Elf (1/3) Orc:2        Bailey (visited)

Altars:
Ashenzari
Cheibriados
Dithmenos
Elyvilon
Gozag
Kikubaaqudgha
Makhleb
Nemelex Xobeh
Okawaru
Qazlal
Ru
Sif Muna
Trog
Uskayaw
Vehumet
Wu Jian
Xom
Zin
The Shining One

Shops:
D:1 (   D:6 ?   Orc:2 (

Annotations:
D:4 2 transporters, avangion's ghost, amateur DECj
D:9 2 transporters, Jase's ghost, novice MiFi


Innate Abilities, Weirdness & Mutations

You are small and have problems with some larger weapons.
You are completely attuned to the shadows.
You sometimes lose the ability to drink potions when taking damage.
You sometimes lose the ability to read scrolls when taking damage.
You are hated by all.
You cannot train Armour skill.
Your casting is slightly disrupted.


Message History

The two-headed ogre barely misses you. The two-headed ogre misses you.
The ogre mage gestures wildly while chanting.
The ogre mage flickers and vanishes!
Deactivating autopickup; reactivate with Ctrl-A.
You hear two shouts!
There is a staircase to the Elven Halls here.
You climb downwards.
Welcome to the Elven Halls!
You hear a distant wind.
There is a portal to the Desolation of Salt on this level.
Hurry and find it before the gateway collapses!
Reactivating autopickup.
There is a staircase back to the Mines here.
You hit the two-headed ogre but do no damage.
The two-headed ogre is heavily wounded.
The two-headed ogre completely misses you.
The two-headed ogre hits you with a +0 giant club!
Casting: Ensorcelled Hibernation (safe; 4% risk of failure)
Confirm with . or Enter, or press ? or * to list all spells.
Aiming: Ensorcelled Hibernation (safe; 4% risk of failure)
Press: ? - help, Shift-Dir - straight line, f - two-headed ogre
Aim: a two-headed ogre, wielding a +0 giant spiked club and a +0 giant club (heavily wounded, fast, chance to confuse on hit: 50%, chance to affect: 44%)
The two-headed ogre resists with some effort.
The two-headed ogre hits you with a +0 giant spiked club!!
* * * LOW HITPOINT WARNING * * *
The two-headed ogre misses you.
Okay, then.
You cannot drink potions in your current state!
You cannot read scrolls in your current state!
Aiming: Throw Flame
Press: ? - help, Shift-Dir - straight line, f/p - two-headed ogre
Aim: a two-headed ogre, wielding a +0 giant spiked club and a +0 giant club (heavily wounded, fast, chance to confuse on hit: 50%, 85% to hit)
Okay, then.
You completely miss the two-headed ogre.
The two-headed ogre is heavily wounded.
You start to feel a little slower.
Your hands stop glowing.
The two-headed ogre is stunned by your conviction and fails to attack.
Okay, then.
You hit the two-headed ogre but do no damage.
The two-headed ogre is heavily wounded.
The two-headed ogre hits you with a +0 giant spiked club!!
You die...

#####
#...#
#.@.#
#..O#
##.##
#.#
#.#


You could see a two-headed ogre (fast).

Vanquished Creatures
  Snorg (Lair:3)
  Fannar (D:10)
  A hydra (Lair:3)
  4 two-headed ogres
  A pharaoh ant (Lair:2)
  A fire crab (shapeshifter) (D:10)
  2 orc knights
  An ugly thing (D:10)
  2 orc sorcerers (Orc:1)
  3 manticores
  5 cane toads
  A rime drake (Lair:2)
  3 komodo dragons
  A polar bear (Lair:2)
  A merfolk (D:8)
  Grinder (D:4)
  A tarantella (Lair:2)
  2 trolls (D:8)
  A hornet (D:7)
  Prince Ribbit (D:7)
  2 jumping spiders (Lair:2)
  6 wyverns
  28 yaks
  A vampire (D:10)
  4 wraiths
  A human (D:9)
  Grum (D:7)
  4 basilisks
  3 hogs (D:8)
  A redback (Lair:2)
  A steam dragon (D:7)
  2 wargs
  5 water moccasins
  2 acid dragons (D:9)
  14 orc warriors
  14 black bears
  An ice beast (D:7)
  2 sky beasts
  8 centaurs
  3 ogres
  6 wolves
  A phantom (D:7)
  Blork the orc (D:4)
  7 kobold brigands
  9 bullfrogs
  4 gnoll sergeants
  2 scorpions
  A wight (D:6)
  4 killer bees (D:9)
  4 howler monkeys
  8 electric eels (D:8)
  2 hounds
  9 jellies
  7 orc priests
  2 gnoll boudas (D:8)
  Terence (D:2)
  Jessica (D:2)
  An iguana (D:7)
  2 sleepcaps (D:7)
  8 orc wizards
  16 gnolls
  7 adders
  2 shadow imps
  3 white imps
  3 ufetubi
  4 dart slugs
  35 orcs
  7 endoplasms
  5 giant cockroaches
  8 goblins
  4 hobgoblins
  3 jackals (D:3)
  31 kobolds
  7 quokkas
  6 ball pythons
  9 bats
  2 frilled lizards
  3 rats
372 creatures vanquished.

Vanquished Creatures (collateral kills)
  A two-headed ogre (D:8)
  A steam dragon (D:9)
  A jelly (D:9)
  An orc (Bailey)
  A kobold (D:9)
5 creatures vanquished.

Vanquished Creatures (others)
  A hog (D:8)
  3 bushes (D:9)
  5 fungi
  84 plants
93 creatures vanquished.

Grand Total: 470 creatures vanquished

Notes
Turn   | Place    | Note
-------+----------+-------------------------------------------
     0 | D:1      | sizableburger the Kobold Enchanter began the quest for the
                  | Orb.
     0 | D:1      | Reached XP level 1. HP: 10/10 MP: 3/3
   138 | D:1      | Reached XP level 2. HP: 16/16 MP: 5/5
   200 | D:1      | Reached skill level 1 in Fighting
   398 | D:1      | Found Firon's Weapon Emporium.
   405 | D:1      | Learned a level 2 spell: Ensorcelled Hibernation
   425 | D:1      | Reached XP level 3. HP: 20/20 MP: 6/6
   748 | D:2      | Noticed Jessica
   752 | D:2      | Killed Jessica
   753 | D:2      | Reached XP level 4. HP: 26/26 MP: 7/7
   803 | D:2      | Reached skill level 5 in Stealth
  1418 | D:2      | Noticed Terence
  1422 | D:2      | Killed Terence
  1423 | D:2      | Reached XP level 5. HP: 30/30 MP: 3/8
  2072 | D:3      | Found an iron altar of Okawaru.
  2208 | D:3      | Found a snail-covered altar of Cheibriados.
  2499 | D:4      | Noticed a centaur
  2504 | D:4      | Killed a centaur
  2505 | D:4      | Reached XP level 6. HP: 35/35 MP: 9/9
  2517 | D:4      | You fall into a shaft and drop 2 floors!
  2576 | D:6      | Found Meynimui's Magic Scroll Shop.
  2696 | D:5      | Entered Level 5 of the Dungeon
  2725 | D:5      | Noticed a black bear
  2814 | D:5      | Noticed a water moccasin
  2900 | D:5      | Killed a water moccasin
  2901 | D:5      | Reached skill level 5 in Short Blades
  2901 | D:5      | Reached XP level 7. HP: 13/41 MP: 2/10
  3047 | D:4      | Noticed Grinder
  3050 | D:4      | Killed Grinder
  3146 | D:4      | Reached XP level 8. HP: 29/48 MP: 2/11
  3231 | D:4      | Found a transporter.
  3232 | D:4      | Noticed avangion's ghost (amateur DECj)
  3237 | D:4      | Found a transporter.
  3443 | D:4      | Noticed Blork the orc
  3452 | D:4      | Killed Blork the orc
  3453 | D:4      | Reached skill level 1 in Ice Magic
  3691 | D:4      | Found a sacrificial altar of Ru.
  3691 | D:4      | Found a sparkling altar of Nemelex Xobeh.
  3914 | D:4      | Became a worshipper of Ru the Awakened
  4033 | D:5      | HP: 2/48 [poisoned by a scorpion]
  5635 | D:7      | Reached XP level 9. HP: 52/52 MP: 12/12
  5639 | D:7      | Noticed a hornet
  5649 | D:7      | Paralysed by a hornet for 1 turns
  5660 | D:7      | Killed a hornet
  5753 | D:7      | Reached skill level 5 in Fighting
  5825 | D:7      | Noticed Prince Ribbit
  5830 | D:7      | Killed Prince Ribbit
  5831 | D:7      | Reached skill level 5 in Dodging
  6065 | D:7      | Learned a level 3 spell: Confusing Touch
  6236 | D:7      | Found a staircase to the Ecumenical Temple.
  6446 | Temple   | Entered the Ecumenical Temple
  6671 | D:7      | Gained mutation: You cannot train Armour skill. [Ru
                  | sacrifice]
  6671 | D:7      | Reached * piety under Ru
  7636 | D:8      | Reached skill level 5 in Hexes
  7646 | D:8      | Noticed a merfolk
  7659 | D:8      | Reached XP level 10. HP: 44/60 MP: 10/13
  7839 | D:8      | Identified the +0 chain mail "Numec" {rF+ Int+4}
  8139 | D:8      | Noticed a manticore
  8248 | D:8      | Reached skill level 10 in Short Blades
  8273 | D:8      | Identified the +1 cloak of Loraadgh {rElec rCorr Int+3}
  8282 | D:8      | Found a shimmering altar of Xom.
  8610 | D:8      | Killed a manticore
  8709 | D:8      | Reached skill level 10 in Stealth
  8816 | D:8      | Noticed a two-headed ogre
  8820 | D:8      | Killed a two-headed ogre
  8830 | D:8      | Reached XP level 11. HP: 58/68 MP: 8/14
  9016 | D:8      | Identified the +1 robe of Ashenzari's Hope {rPois rN+++}
  9114 | D:8      | Noticed a two-headed ogre
  9169 | D:9      | Noticed a two-headed ogre
  9195 | D:9      | Learned a level 3 spell: Tukima's Dance
  9233 | D:9      | Found a flagged portal.
  9245 | Bailey   | Entered a bailey
  9833 | Bailey   | Gained mutation: You occasionally lose the ability to read
                  | scrolls when taking damage. [Ru sacrifice]
  9833 | Bailey   | Gained mutation: You sometimes lose the ability to read
                  | scrolls when taking damage. [Ru sacrifice]
  9833 | Bailey   | Reached ** piety under Ru
  9943 | Bailey   | Noticed an orc knight
  9951 | Bailey   | Killed an orc knight
 10055 | D:9      | Found a transporter.
 10061 | D:9      | Noticed a green ugly thing
 10224 | D:9      | Found a viscous altar of Jiyva.
 10287 | D:9      | Killed a two-headed ogre
 10344 | D:8      | Killed a two-headed ogre
 10482 | D:9      | Learned a level 4 spell: Cause Fear
 10832 | D:8      | Noticed Grum
 10858 | D:8      | Reached skill level 1 in Ranged Weapons
 10884 | D:7      | Killed Grum
 11115 | D:8      | Reached XP level 12. HP: 76/76 MP: 15/15
 11119 | D:8      | Learned a level 3 spell: Swiftness
 11277 | D:8      | Reached skill level 10 in Dodging
 11543 | D:8      | Reached skill level 1 in Air Magic
 12025 | D:9      | Found a staircase to the Lair.
 12212 | D:9      | Found a hide-covered altar of Uskayaw.
 12212 | D:9      | Found a white marble altar of Elyvilon.
 12213 | D:9      | Found a basalt altar of Yredelemnul.
 12213 | D:9      | Found a shimmering altar of Xom.
 12264 | D:9      | Noticed Jase's ghost (novice MiFi)
 12265 | D:9      | Noticed a two-headed ogre
 12275 | D:9      | Found a transporter.
 12275 | D:9      | Noticed a catoblepas
 12434 | D:9      | Found a blossoming altar of Fedhas.
 12439 | D:9      | Found a stormy altar of Qazlal.
 12707 | D:10     | Entered Level 10 of the Dungeon
 12952 | D:10     | Found a staircase to the Orcish Mines.
 13359 | D:10     | Noticed Fannar
 13361 | D:10     | Killed Fannar
 13362 | D:10     | Reached skill level 10 in Fighting
 13452 | D:10     | Gained mutation: You are hated by all. [Ru sacrifice]
 13452 | D:10     | Reached *** piety under Ru
 13452 | D:10     | Reached **** piety under Ru
 13839 | D:10     | Noticed a fire crab
 13852 | D:10     | Killed a fire crab
 14288 | Lair:1   | Entered Level 1 of the Lair of Beasts
 14569 | Lair:1   | Reached XP level 13. HP: 66/83 MP: 10/17
 14765 | Lair:1   | Identified the +1 scale mail of Instinct {Str+2}
 15548 | Lair:2   | Found a hole to the Spider Nest.
 15625 | Lair:2   | Gained mutation: You occasionally lose the ability to drink
                  | potions when taking damage. [Ru sacrifice]
 15625 | Lair:2   | Gained mutation: You sometimes lose the ability to drink
                  | potions when taking damage. [Ru sacrifice]
 15625 | Lair:2   | Reached ***** piety under Ru
 16667 | Lair:3   | Noticed a four-headed hydra
 16672 | Lair:3   | Killed a four-headed hydra
 16774 | Lair:3   | Noticed Snorg
 16778 | Lair:3   | Killed Snorg
 17018 | Orc:1    | Entered Level 1 of the Orcish Mines
 17111 | Orc:1    | Found the +8 demon blade "Leech" {evervamp, Harm Drain rN+}
 17469 | Orc:2    | Entered Level 2 of the Orcish Mines
 17525 | Orc:2    | Found Lujuat's Weapon Emporium.
 17546 | Orc:2    | Found a staircase to the Elven Halls.
 17609 | Orc:2    | Gained mutation: Your casting is slightly disrupted. [Ru
                  | sacrifice]
 17609 | Orc:2    | Reached ****** piety under Ru
 17679 | Orc:2    | Noticed an ogre mage
 17706 | Elf:1    | Entered Level 1 of the Elven Halls
 17710 | Elf:1    | Mangled by a two-headed ogre

Illustrated notes

Levels and vault maps discovered:
D:1:      minmay_arrival_plants_in_alcoves, layout_loops_ring, serial_shops,
          shop
D:2:      layout_loops_cross, uniq_jessica, uniq_terence
D:3:      layout_loops_cross, mainiacjoe_overflow_large_starburst
D:4:      layout_loops_ring, gammafunk_temple_overflow_pools,
          gammafunk_ghost_mausoleum, uniq_blork_the_orc, uniq_grinder
D:5:      layout_basic, amethyst_killhole, st_stairs_10, kennysheep_nondescript
D:6:      minmay_evil_eye, layout_basic, serial_shops, shop_fountains
D:7:      layout_loops_corners, temple_doors_e, st_stairs_1, feat_on_display,
          uniq_prince_ribbit1
D:8:      kennysheep_town, uniq_grum
D:9:      layout_basic, grunt_temple_overflow_forces_of_nature,
          mainiacjoe_overflow_alcove_3, erik_lair_dragon, enter_bailey_3,
          gammafunk_ghost_arena, serial_corexii_hall, corexii_hall_statues_s,
          chequers_hall_statues_corner_a, chequers_hall_statues_corner_a,
          grunt_ministairs_2, jiyva_altar_1
D:10:     minmay_blocky_corners, layout_loops_corners, erik_orc_4, uniq_fannar
D:11:     layout_long_grid, chequers_mini_garden,
          yredelemnul_forgotten_temple_becter
Temple:   nicolae_temple_hex_pool
Lair:1:   layout_cave_shapes, grunt_megastairs_4
Lair:2:   layout_small_grid, nicolae_spider_entry_lesser_pyramids,
          grunt_megastairs_3
Lair:3:   layout_chaotic_city, nicolae_swamp_entry_splash_gauntlet, uniq_snorg
Orc:1:    layout_caves, dreamdust_deal_with_the_devil
Orc:2:    st_orc_ogre_mass, layout_diamond_mine, serial_shops,
          nicolae_shop_rolling_square, nicolae_lakefront_shop,
          nicolae_shop_rolled_up, nicolae_shop_back_alley_shop, shop
Elf:1:    elf_arrival_001, layout_gridlike, ebering_ghost_rock_garden,
          portal_desolation_entry_holy_temple, kennysheep_underground_church,
          st_stairs_2

Skill      XL: |  1  2  3  4  5  6  7  8  9 10 11 12 13 |
---------------+----------------------------------------+-----
Short Blades   | 2 3 4 5 6 7 9 10 12 13 14 | 14.0
Fighting       | 1 2 3 4 6 7 9 10 11 | 11.5
Stealth        | 5 6 7 9 10 12 13 14 | 14.9
Dodging        | 3 4 6 8 9 11 12 | 12.3
Ice Magic      | 3 |  3.0
Hexes          | 5 6 |  6.6
Ranged Weapons | 1 |  1.9
Air Magic      | 3 |  3.8
Spellcasting   | 4 |  4.1

Action                     |  1- 3 |  4- 6 |  7- 9 | 10-12 | 13-15 || total
---------------------------+-------+-------+-------+-------+-------++-------
  Melee: Dagger            |    39 |   115 |   343 |   853 |   166 ||  1516
         Punch             |       |     1 |     5 |    12 |     2 ||    20
  Throw: Dart              |       |     1 |     4 |     9 |       ||    14
   Cast: Ensorcelled Hiber |       |     4 |    17 |    37 |    11 ||    69
         Confusing Touch   |       |       |     1 |     6 |     2 ||     9
         Tukima's Dance    |       |       |       |    11 |       ||    11
         Cause Fear        |       |       |       |     2 |     1 ||     3
         Swiftness         |       |       |       |     1 |     1 ||     2
 Invoke: Sacrifice Durabil |       |       |     1 |       |       ||     1
         Sacrifice Words   |       |       |       |     1 |       ||     1
         Power Leap        |       |       |       |     3 |     2 ||     5
         Draw Out Power    |       |       |       |     1 |       ||     1
         Sacrifice Love    |       |       |       |     1 |       ||     1
         Sacrifice Drink   |       |       |       |       |     1 ||     1
         Sacrifice Essence |       |       |       |       |     1 ||     1
  Evoke: Wand              |       |       |       |     4 |       ||     4
    Use: Scroll            |       |    12 |     5 |    18 |     2 ||    37
         Potion            |       |     2 |     2 |     6 |       ||    10
   Stab: Sleeping          |    17 |    24 |    36 |    42 |    31 ||   150
         Distracted        |       |       |     2 |     8 |     2 ||    12
         Invisible         |       |       |     1 |     1 |     1 ||     3
         Confused          |       |       |       |     4 |     2 ||     6
         Paralysed         |       |       |       |       |     1 ||     1
 Armour: Robe              |     1 |    10 |       |       |       ||    11
         Leather armour    |       |    19 |    59 |    24 |       ||   102
         Troll leather arm |       |       |       |   171 |    22 ||   193
  Dodge: Dodged            |    11 |   104 |   199 |   720 |   118 ||  1152
